 Dungeon Crawl Stone Soup version 0.30.0-29-ga12c61a403 (webtiles) character file.

Game seed: 1849983564679343932

8 IndexError the Magician (level 2, -2/22 HPs)
             Began as a Djinni Conjurer on June 6, 2023.
             Slain by a hobgoblin (4 damage)
             ... led by Robin
             ... on level 2 of the Dungeon.
             The game lasted 00:00:56 (219 turns).

IndexError the Magician (Djinni Conjurer)            Turns: 219, Time: 00:00:56

Health: -2/22      AC:  2    Str:  6    XL:     2   Next: 15%
Gold:   0          EV: 12    Int: 19    God:
                   SH:  0    Dex: 11

rFire   + + .        d - +0 dagger
rCold   x . .        (no shield)
rNeg    . . .        a - +0 robe
rPois   ∞            (no helmet)
rElec   .            (no cloak)
rCorr   .            (no gloves)
SInv    .            (boots unavailable)
Will    .....        (no amulet)
Stlth   ++           (no ring)
HPRegen 0.23/turn    (no ring)
MPRegen 0.00/turn

%: infuse magic (-3 HP)
@: flying, very slightly contaminated
A: sickness immunity, fire resistance 2, cold vulnerability 1, float, innate
caster, HP casting, extra vitality 1
a: no special abilities


You were on level 2 of the Dungeon.
You visited 1 branch of the dungeon, and saw 2 of its levels.

Inventory:

Hand Weapons
 d - a +0 dagger (weapon)
   (You took it off a kobold on level 1 of the Dungeon)
Armour
 a - a +0 robe (worn)
Jewellery
 c - a ring of fire {rF+, rC-}
   (You found it on level 1 of the Dungeon)
Scrolls
 b - a scroll of fear {unknown}
 e - a scroll of enchant weapon {unknown}
 g - a scroll of teleportation {unknown}
 h - a scroll of silence {unknown}
Potions
 f - a potion of attraction {unknown}
 i - a potion of resistance


   Skills:
 + Level 0.7 Fighting
 - Level 2.1 Dodging
 - Level 1.5 Stealth
 * Level 3.5 Spellcasting


You knew the following spells:

 Your Spells              Type           Power      Damage    Failure   Level
a - Magic Dart            Conj           64%        1d6       3%          1
b - Searing Ray           Conj           32%        2d5       5%          2
c - Dazzling Flash        Conj/Hex       32%        N/A       11%         3
d - Fulminant Prism       Conj/Hex       8%         3d7       34%         4
x - Iskenderun's Mystic   Conj/Tloc      16%        2d5       34%         4
Your spell library was empty.

Dungeon Overview and Level Annotations

Branches:
Dungeon (2/15)

Altars:

Annotations:
D:2 Robin


Innate Abilities, Weirdness & Mutations

You are immune to sickness and miasma.
You are immune to poison.
Your flesh is very heat resistant. (rF++)
You are vulnerable to cold. (rC-)
You float through the air rather than walking.
You learn spells naturally, not from books.
Your magical power is your life essence.
You have superior vitality. (+4 MHP)


Message History

The magic dart hits the quokka.
You have reached level 2!
You regained 4 hp, and now have 19/22 hp.
You can't see any susceptible monsters within range! (Use Z to cast anyway.)
Your magical contamination has completely faded away.
HP restored.
You see here a quokka corpse.
A goblin comes into view. It is wielding a +0 club.
Health restored: 22 The magic dart hits the goblin.
The goblin shouts!
You hear a shout! x5
You take 1 damage, and have 21/22 hp.
The magic dart hits the goblin.
You hear a shout! x4
The magic dart hits the goblin.
You take 1 damage, and have 20/22 hp.
You can't see any susceptible monsters within range! (Use Z to cast anyway.) Robin of the Strong Arm comes into view.
They are wielding a +4 short sword of draining.
The magic dart hits Robin.
Robin says, "A pitiful Djinni like you will never find the ORB!"
A hobgoblin comes into view.
You take 1 damage, and have 19/22 hp.
You see here a quokka corpse.
Health restored: 22 Robin roars a battlecry!
The magic dart hits Robin.
You take 1 damage, and have 21/22 hp.
The magic dart hits Robin but does no damage.
You take 1 damage, and have 20/22 hp.
The magic dart hits Robin.
Robin drinks a potion.
Robin suddenly seems more resistant.
The magic dart hits Robin but does no damage.
Robin hits you with a +4 short sword of draining.
You take 6 damage, and have 14/22 hp.
MASSIVE DAMAGE!!
The magic dart hits Robin.
Robin closely misses you.
You take 1 damage, and have 13/22 hp.
You are too injured to fight recklessly!
You are too injured to fight recklessly!
Casting: Magic Dart (safe; 3% risk of failure)
Confirm with . or Enter, or press ? or * to list all spells.
Aiming: Magic Dart (safe; 3% risk of failure)
Press: ? - help, Shift-Dir - straight line, f/p - Robin
Aim: Robin, wielding a +4 short sword of draining, wearing a +0 animal skin and wearing a +0 helmet (moderately wounded, unusually resistant, 100% to hit)
The magic dart hits Robin.
Robin hits you with a +4 short sword of draining.
You take 5 damage, and have 8/22 hp.
MASSIVE DAMAGE!!
Casting: Magic Dart (safe; 3% risk of failure)
Confirm with . or Enter, or press ? or * to list all spells.
Aiming: Magic Dart (safe; 3% risk of failure)
Press: ? - help, Shift-Dir - straight line, f/p - Robin
Aim: Robin, wielding a +4 short sword of draining, wearing a +0 animal skin and wearing a +0 helmet (heavily wounded, unusually resistant, 100% to hit)
The magic dart hits Robin but does no damage.
Robin closely misses you.
Casting: Magic Dart (safe; 3% risk of failure)
Confirm with . or Enter, or press ? or * to list all spells.
Aiming: Magic Dart (safe; 3% risk of failure)
Press: ? - help, Shift-Dir - straight line, f/p - Robin
Aim: Robin, wielding a +4 short sword of draining, wearing a +0 animal skin and wearing a +0 helmet (heavily wounded, unusually resistant, 100% to hit)
The magic dart hits Robin.
Robin roars a battlecry!
You hear a shout!
You take 1 damage, and have 7/22 hp.
Casting: Magic Dart (safe; 3% risk of failure)
Confirm with . or Enter, or press ? or * to list all spells.
Aiming: Magic Dart (safe; 3% risk of failure)
Press: ? - help, Shift-Dir - straight line, f/p - Robin
Aim: Robin, wielding a +4 short sword of draining, wearing a +0 animal skin and wearing a +0 helmet (severely wounded, unusually resistant, 100% to hit)
You miscast Magic Dart.
You are very lightly contaminated with residual magic.
Nothing appears to happen.
* * * LOW HITPOINT WARNING * * *
You hear a shout! x2
A hobgoblin comes into view.
Robin hits you with a +4 short sword of draining.
* * * LOW HITPOINT WARNING * * *
You hear a shout!
You take 6 damage, and have 1/22 hp.
MASSIVE DAMAGE!!
Casting: Magic Dart (safe; 3% risk of failure)
Confirm with . or Enter, or press ? or * to list all spells.
You don't have enough health to cast this spell.
Unknown command.
Casting: Magic Dart (safe; 3% risk of failure)
Confirm with . or Enter, or press ? or * to list all spells.
You don't have enough health to cast this spell.
Unknown command.
Unknown command.
You hit Robin.
You hear a shout!
Robin misses you.
You barely miss Robin. The hobgoblin closely misses you.
Robin barely misses you.
You hit Robin.
A goblin comes into view. It is wielding a +0 club.
The hobgoblin misses you.
Robin roars a battlecry!
The goblin goes into a battle-frenzy!
You hit Robin but do no damage. The hobgoblin closely misses you.
Robin closely misses you.
You hit Robin but do no damage. Robin misses you. The hobgoblin hits you.
You die...

######.##....# #......>..
####......... #....
......#...... #...#
#.###.#.....# #...# #####
#.# #.#.#..## ###...##
..g####.###.#.#.## ......
#g##............#
#...###.#@g.............#
#.......#......###.#.#....
#....#######.......##.#.##
#)##g.g.#....####### #..#
#. ####g#g##.# #.# g.
#.#.##.# .# ### #.g.##.# #
######.# #..


You could see Robin (resistant), a hobgoblin (strong) and a goblin (strong).

Vanquished Creatures
  An endoplasm (D:1)
  2 goblins
  A kobold (D:1)
  2 quokkas
6 creatures vanquished.

Notes
Turn   | Place    | Note
-------+----------+-------------------------------------------
     0 | D:1      | IndexError the Djinni Conjurer began the quest for the Orb.
     0 | D:1      | IndexError set off with the following spells memorised:
                  | Magic Dart, Searing Ray, Dazzling Flash, Fulminant Prism,
                  | Iskenderun's Mystic Blast.
     0 | D:1      | Reached XP level 1. HP: 15/15 MP: 0/0
   128 | D:1      | You are sucked into a shaft and drop 1 floor!
   164 | D:2      | Reached XP level 2. HP: 19/22 MP: 0/0
   189 | D:2      | Noticed Robin
   214 | D:2      | HP: 1/22 [Robin/+4 short sword of draining (5)]
   219 | D:2      | Slain by a hobgoblin

Illustrated notes

Levels and vault maps discovered:
D:1:      lightli_arrival_windingriver, layout_rooms, minmay_misc_feat_doors
D:2:      layout_loops_ring, basic_ecumenical_altar, serial_shops,
          nicolae_shop_stone, minmay_circle_x, uniq_robin,
          uniq_crazy_yiuf_cottage

Action                     || total
---------------------------++-------
  Melee: Dagger            ||     5
   Cast: Magic Dart        ||    28
 Armour: Robe              ||     3
  Dodge: Dodged            ||    17

Levels and vault maps discovered:
D:1:      lightli_arrival_windingriver, layout_rooms, minmay_misc_feat_doors
D:2:      layout_loops_ring, basic_ecumenical_altar, serial_shops,
          nicolae_shop_stone, minmay_circle_x, uniq_robin,
          uniq_crazy_yiuf_cottage

Table legend: (Time is in decaauts)
 A = Elapsed time spent in this place.
 B = Non-inter-level travel time spent in this place.
 C = Inter-level travel time spent in this place.
 D = Time resting spent in this place.
 E = Time spent auto-exploring this place.
 F = Levels seen in this place.
 G = Mean time per level.
                   A        B        C        D        E       F      G
               +--------+--------+--------+--------+--------+-----+--------+
         Total |    218 |    218 |      0 |      0 |    138 |   2 |  109.0 |
       Dungeon |    218 |    218 |      0 |      0 |    138 |   2 |  109.0 |
               +--------+--------+--------+--------+--------+-----+--------+

Top non-repeatable levels by time:
     D:1: 127 daAuts
     D:2: 90 daAuts

Table legend:
 A = Kills in this place as a percentage of kills in the entire game.
 B = Kills by you in this place as a percentage of kills by you in the entire game.
 C = Kills by friends in this place as a percentage of kills by friends in the entire game.
 D = Other kills in this place as a percentage of other kills in the entire game.
 E = Experience gained in this place as a percentage of experience gained in the entire game.
 F = Experience gained in this place divided by the number of levels of this place that you have seen.
                   A       B       C       D       E      F
               +-------+-------+-------+-------+-------+----------------------
         Total | 100.0 | 100.0 |   N/A |   N/A | 100.0 |   6.0
       Dungeon | 100.0 | 100.0 |   N/A |   N/A | 100.0 |   6.0
               +-------+-------+-------+-------+-------+----------------------
